General information
			
			
        
        - name: 1v1 obs pros!!!
 
        - type: Custom game
 
        - host: Holyfu
 
        - saver: Blahsmack
 
        
map: EchoIsles 
        - players: 10
 
        - length: 21:08
 
        - speed: Fast
 - version: 1.22 W3XP
 - replay type:  Public
 
» download(81 KB)
Players
        team 1 (loser) 
              
              
Holyfu (
red | 88 APM | 1865 actions | 21:07)
              
 6 Death Knight 
 2 Death Coil
 2 Unholy Aura
 1 Death Pact
 1 Animate Dead
 
                » actions 
                
                | Assign group hotkey | 29 |  | 
| Basic commands | 24 |  | 
| Build / train | 56 |  | 
| ESC pressed | 9 |  | 
| Enter build submenu | 20 |  | 
| Enter hero's abilities submenu | 7 |  | 
| Give item / drop item | 1 |  | 
| Right click | 1010 |  | 
| Select / deselect | 418 |  | 
| Select group hotkey | 169 |  | 
| Use ability | 122 |  | 
                1865 total
 » units 
                
                | Acolyte | 11 |  | 
| Ghoul | 2 |  | 
| Crypt Fiend | 13 |  | 
| Obsidian Statue | 2 |  | 
                28 total
 » upgrades
                
                | Creature Attack | 2 |  | 
| Creature Carapace | 1 |  | 
| Burrow | 1 |  | 
| Web | 1 |  | 
| Destroyer Form | 1 |  | 
                6 total
 » buildings
                
                | Graveyard | 1 |  | 
| Crypt | 1 |  | 
| Ziggurat | 12 |  | 
| Altar of Darkness | 2 |  | 
| Tomb of Relics | 1 |  | 
| Nerubian Tower | 1 |  | 
| Halls of the Dead | 1 |  | 
| Black Citadel | 1 |  | 
| Slaughterhouse | 1 |  | 
| Spirit Tower | 1 |  | 
                22 total
 » build order
                00:06 Graveyard
00:17 Crypt
00:36 Ziggurat
00:54 Altar of Darkness
00:58 Altar of Darkness
01:31 Ziggurat
01:59 Tomb of Relics
03:14 Nerubian Tower
03:38 Halls of the Dead
04:47 Ziggurat
05:45 Ziggurat
06:48 Ziggurat
06:48 Ziggurat
08:34 Black Citadel
08:37 Slaughterhouse
09:08 Ziggurat
09:34 Ziggurat
11:21 Ziggurat
12:52 Ziggurat
12:52 Ziggurat
12:56 Ziggurat
20:27 Spirit Tower
» items
                
                | Rod of Necromancy | 3 |  | 
| Sacrificial Skull | 2 |  | 
| Potion of Healing | 4 |  | 
| Scroll of Town Portal | 1 |  | 
| Scroll of Healing | 1 |  | 
                11 total
  
               team 2 (winner) 
              
              
kunt.roII (
blue | 127 APM | 2694 actions | 21:08)
              
 4 Warden 
 2 Shadow Strike
 2 Blink
 3 Naga Sea Witch 
 1 Frost Arrows
 2 Forked Lightning
 
                » actions 
                
                | Assign group hotkey | 83 |  | 
| Basic commands | 39 |  | 
| Build / train | 73 |  | 
| ESC pressed | 6 |  | 
| Enter build submenu | 23 |  | 
| Enter hero's abilities submenu | 7 |  | 
| Give item / drop item | 7 |  | 
| Right click | 1191 |  | 
| Select / deselect | 292 |  | 
| Select group hotkey | 847 |  | 
| Use ability | 126 |  | 
                2694 total
 » units 
                
                | Wisp | 14 |  | 
| Huntress | 7 |  | 
| Chimaera | 11 |  | 
                32 total
 » upgrades
                
                | Well Spring | 1 |  | 
| Strength of the Wild | 1 |  | 
| Corrosive Breath | 1 |  | 
                3 total
 » buildings
                
                | Altar of Elders | 1 |  | 
| Moon Well | 9 |  | 
| Hunter's Hall | 1 |  | 
| Ancient of War | 1 |  | 
| Tree of Ages | 1 |  | 
| Tree of Eternity | 1 |  | 
| Ancient of Wind | 1 |  | 
| Ancient of Wonders | 2 |  | 
| Chimaera Roost | 2 |  | 
                19 total
 » build order
                00:08 Altar of Elders
00:21 Moon Well
01:46 Hunter's Hall
01:50 Ancient of War
02:07 Moon Well
02:59 Tree of Ages
04:20 Moon Well
05:51 Tree of Eternity
05:57 Ancient of Wind
06:07 Moon Well
06:46 Ancient of Wonders
08:18 Chimaera Roost
08:37 Chimaera Roost
08:50 Moon Well
11:29 Moon Well
15:02 Ancient of Wonders
18:13 Moon Well
19:13 Moon Well
20:25 Moon Well
» items
                
                | Orb of Venom | 1 |  | 
| Lesser Clarity Potion | 3 |  | 
| Staff of Preservation | 1 |  | 
| Staff of Teleportation | 1 |  | 
| Boots of Speed | 1 |  | 
| Potion of Healing | 8 |  | 
| Anti-magic Potion | 5 |  | 
| Moonstone | 3 |  | 
| Potion of Mana | 2 |  | 
| Dust of Appearance | 1 |  | 
                26 total
  
               observersKrackon, 
Lostmind, 
Blahsmack, 
tjwnstjr, 
vaio123abc, 
slipppy, 
Human.WeST, 
Friendly_Spy Chat log
          
(04:07 / All) kunt.roII: LOL
(04:10 / Observers) slipppy: LOL
(04:11 / Observers) slipppy: haha
(04:18 / Observers) slipppy: he tried to deny his warden
(04:25 / Observers) Krackon: why dont he tp
(04:26 / Observers) Krackon: -.-
(04:26 / All) kunt.roII: i wasnt lying :)
(04:32 / All) Holyfu: what?
(04:35 / All) kunt.roII: noob elf..
(04:39 / All) Holyfu: oh
(04:47 / Observers) Krackon: lol noob elf
(04:54 / Observers) Krackon: the way he control that hero = noob everything
(05:07 / Observers) slipppy: who harasses with a level 1 warden anyways
(05:10 / Observers) tjwnstjr: pretty much..
(05:17 / Observers) Krackon: ya
(05:18 / Observers) Krackon: lol
(05:46 / Observers) slipppy: dead
(05:51 / Observers) slipppy: he gonna go for the big ones
(05:55 / Observers) tjwnstjr: lvl 1 warden vs lvl 3 death knight...
(06:29 / Observers) slipppy: this lightnight shield noob...
(06:33 / Observers) slipppy: can't even keep 2 hunts away
(07:05 / Observers) tjwnstjr: isn't this room for pros only? I thought it is.. as looking the room name.lol
(07:18 / Observers) Krackon: why does everyone buy naga
(07:25 / Observers) slipppy: frost arrow
(07:31 / Observers) tjwnstjr: or panda cuz they said it's good...
(07:31 / Observers) slipppy: free kill practically
(07:39 / Observers) slipppy: panda has best aoe man
(07:39 / Observers) Krackon: well if their running
(07:59 / Observers) tjwnstjr: panda's fire is just awesome
(08:08 / Observers) slipppy: panda's aoe rapes everything
(08:10 / Observers) slipppy: air and ground
(08:11 / Observers) Krackon: wow red's a 1 hero user
(08:21 / Observers) slipppy: kill that effin dk
(08:33 / All) kunt.roII: lmao
(08:37 / Observers) tjwnstjr: elf can win this game
(08:42 / Observers) slipppy: yep
(08:43 / Observers) tjwnstjr: unless red has got more heroes
(08:53 / Observers) slipppy: i.e level 3 lich
(09:00 / Observers) tjwnstjr: yeah
(09:04 / Observers) Krackon: lich is good
(09:05 / Observers) tjwnstjr: lich is good too
(09:09 / Observers) Krackon: but i prefer the bug
(09:18 / Observers) tjwnstjr: I like death knight better..
(09:24 / Observers) slipppy: he's gonna blight fight at ne
(09:25 / All) kunt.roII: LOL
(09:28 / Observers) Krackon: lol 
(09:39 / Observers) slipppy: blue lost
(09:40 / Observers) slipppy: it's over
(09:45 / Observers) Krackon: ya
(09:54 / Observers) tjwnstjr: blue has to come back to the base
(10:01 / Observers) slipppy: dead warden
(10:02 / Observers) tjwnstjr: and has no units...lol
(10:16 / Observers) tjwnstjr: he's got only 2 heroes..
(10:16 / Observers) slipppy: better get a moonstone sucker
(10:24 / Observers) slipppy: if he was a dh maybe
(10:35 / Observers) tjwnstjr: oh
(10:35 / All) kunt.roII: LOL
(10:40 / Observers) tjwnstjr: guess red won
(10:52 / Observers) tjwnstjr: kill the Naga
(11:01 / Observers) slipppy: ...
(11:09 / Observers) Krackon: lol
(11:10 / Observers) slipppy: chim in the face
(11:24 / Observers) slipppy: these guys are bad
(11:26 / Observers) tjwnstjr: calm down.. haha;; scary
(11:55 / Observers) tjwnstjr: does anyone know why red came back to the base..
(12:02 / Observers) slipppy: no web
(12:07 / Observers) Krackon: lost his hero maybe no web
(12:38 / All) kunt.roII: Hacks
(13:18 / Observers) slipppy: leave a fuckin fiend
(13:35 / Observers) Krackon: only 4 acolites
(13:38 / Observers) slipppy: haha
(13:42 / Observers) slipppy: he ubildign one
(13:46 / Observers) slipppy: his gold mine is dead
(13:55 / Observers) tjwnstjr: yeap
(14:02 / Observers) slipppy: oh maybe not
(14:08 / Observers) slipppy: but wasting a lot of gold
(14:23 / Observers) tjwnstjr: but at least he's destroying the base now... even though he lost his gold mines..
(14:40 / Observers) tjwnstjr: would be fine.. cuz he's got lots of units already..
(15:06 / Observers) slipppy: level 6 dk coming!
(15:19 / Observers) tjwnstjr: the dragon should attack units not the gold mine.. I suppose..
(15:25 / Observers) slipppy: yeah
(15:29 / Observers) vaio123abc: lol
(15:33 / Observers) Blahsmack: he cant expand
(15:34 / Observers) Blahsmack: no gold
(15:34 / Observers) slipppy: i don't think he knows his chim is there
(15:35 / Observers) Blahsmack: toexpand
(15:38 / Observers) Blahsmack: perma repair
(15:54 / Observers) slipppy: he stopped repairing
(15:55 / Observers) slipppy: smart
(16:14 / Observers) tjwnstjr: right...he's got only 125 golds now
(16:26 / Observers) vaio123abc: close game
(16:29 / Observers) slipppy: i say ne wins this
(16:50 / Observers) tjwnstjr: warden don't fall down..
(16:54 / Observers) vaio123abc: acolytes owning
(16:55 / Observers) slipppy: ne needs some support
(16:57 / Observers) Krackon: lol
(17:23 / Observers) tjwnstjr: elf
(17:26 / Observers) tjwnstjr: or ud
(17:34 / Observers) slipppy: i say elf
(17:35 / Observers) tjwnstjr: ud back
(17:50 / Observers) slipppy: dead warden
(17:51 / Observers) tjwnstjr: warden is gonna die soon
(17:58 / Observers) tjwnstjr: 10 health
(18:06 / Observers) slipppy: dk should just run to his base
(18:07 / Observers) slipppy: and coil him
(18:42 / Observers) tjwnstjr: lvl 6 death knight
(18:53 / Observers) tjwnstjr: vs 3 naga 4 warden
(18:55 / Observers) slipppy: dead dkkk
(19:02 / Observers) slipppy: noooo
(19:31 / Observers) tjwnstjr: hey I support elf
(19:37 / Observers) Krackon: elf has no units
(19:39 / Observers) tjwnstjr: he's doing alright now
(20:01 / Observers) tjwnstjr: so does he
(20:13 / Observers) tjwnstjr: and he only uses one hero
(20:30 / Observers) tjwnstjr: elf has more chance to beat him now
(21:00 / All) kunt.roII: Lol?
(21:03 / All) Holyfu: gg
(21:06 / All) kunt.roII: gg :)